 Dungeon Crawl Stone Soup version 0.30.0-29-ga12c61a403 (webtiles) character file.

Game seed: 18139970662554229893

3203 Aldia the Grappler (level 9, -2/89 HPs)
             Began as a Troll Chaos Knight on June 3, 2023.
             Was a Priest of Wu Jian.
             Slain by Grum
             ... wielding a +1 spear
              (19 damage)
             ... on level 8 of the Dungeon.
             The game lasted 00:14:01 (6801 turns).

Aldia the Grappler (Troll Chaos Knight)             Turns: 6801, Time: 00:14:02

Health: -2/89      AC:  9    Str: 24    XL:     9   Next: 65%
Magic:  8/8        EV: 16    Int:  8    God:    Wu Jian [***...]
Gold:   504        SH:  0    Dex: 11    Spells: 8/8 levels left

rFire   . .          .
                       - Unarmed
rCold   . . .        (no shield)
rNeg    . . .        a - +2 robe
rPois   +            (helmet restricted)
rElec   .            o - +2 cloak
rCorr   .            (gloves unavailable)
SInv    .            (boots unavailable)
Will    .....        C - amulet of the acrobat
Stlth   +            l - ring of poison resistance
HPRegen 1.14/turn    F - +5 ring of evasion
MPRegen 0.11/turn

%: acrobat
@: no status effects
A: large, unfitting armour, claws 3, regeneration 1, shaggy fur 1, tough skin 1
a: Renounce Religion, Wall Jump, Serpent's Lash


You were on level 8 of the Dungeon.
You worshipped Wu Jian.
Wu Jian was most pleased with you.
You visited 2 branches of the dungeon, and saw 9 of its levels.
You also visited: Ossuary.

You collected 504 gold pieces.

Inventory:

Hand Weapons
 f - a +0 giant spiked club
 v - the +6 spear of Ravage {flame, rN+ Str+2 Dex+3}
   (You found it on level 5 of the Dungeon)

   Str:       It affects your strength (+2).
   Dex:       It affects your dexterity (+3).
   rN:        It protects you from negative energy.
 B - the +10 hand axe "Laukeo" {freeze, rElec rC+}
   (You found it on level 7 of the Dungeon)

   rC:        It protects you from cold.
   rElec:     It insulates you from electricity.
Missiles
 g - 6 curare-tipped darts (quivered)
 h - 8 atropa-tipped darts
Armour
 a - a +2 robe (worn)
 j - a scarf of harm
 o - a +2 cloak (worn)
Jewellery
 l - a ring of poison resistance (left claw)
 C - an amulet of the acrobat (around neck)
 F - a +5 ring of evasion (right claw)
Wands
 i - a wand of flame (18)
 n - a wand of digging (3)
 s - a wand of polymorph (5)
 y - a wand of roots (15)
Scrolls
 e - 4 scrolls of vulnerability
 r - a scroll of fog
 u - a scroll of magic mapping
 z - a scroll of amnesia
 G - a scroll of blinking {unknown}
 H - a scroll of butterflies {unknown}
Potions
 c - a potion of ambrosia
 d - 6 potions of curing
 k - 5 potions of attraction
 m - 2 potions of invisibility
 p - 5 potions of might
 q - 2 potions of haste
 t - 3 potions of cancellation
 w - 3 potions of heal wounds
 x - 2 potions of mutation
 A - a potion of brilliance
 D - 3 potions of lignification
Miscellaneous
 b - a piece from Xom's chessboard (15/15)


   Skills:
 + Level 5.8 Fighting
 - Level 4.0 Throwing
 + Level 5.6 Dodging
 * Level 9.6 Unarmed Combat


You had 8 spell levels left.
You didn't know any spells.
Your spell library contained the following spells:

 Spells                   Type           Power      Damage    Failure   Level
 Freeze                   Ice            0%         1d3       41%         1
 Shock                    Conj/Air       0%         1d3       41%         1
 Summon Small Mammal      Summ           0%         N/A       41%         1
 Call Canine Familiar     Summ           0%         N/A       78%         3
 Frozen Ramparts          Ice            0%         1d1       78%         3
 Hailstorm                Conj/Ice       0%         3d3       78%         3
 Summon Guardian Golem    Hex/Summ       0%         N/A       78%         3
 Swiftness                Air            0%         N/A       78%         3
 Vhi's Electric Charge    Tloc/Air       0%         N/A       78%         3
 Airstrike                Air            0%         2d(0-16)  99%         4
 Cause Fear               Hex            0%         N/A       99%         4
 Arcjolt                  Conj/Air       0%         1d10      100%        5
 Conjure Ball Lightning   Conj/Air       0%         3x3d6     100%        6
 Plasma Beam              Fire/Air       0%         2x1d11    100%        6
 Dragon Form              Tmut           0%         N/A       100%        7
 Discord                  Hex            0%         N/A       100%        8
 Disjunction              Tloc           0%         N/A       100%        8
 Maxwell's Capacitive Co  Air            0%         ∞         100%        8
 Dragon's Call            Summ           0%         N/A       100%        9


Dungeon Overview and Level Annotations

Branches:
Dungeon (8/15)             Temple (1/1) D:6         Ossuary (visited)
   Lair: D:8-11

Altars:
Dithmenos
Elyvilon
Gozag
Hepliaklqana
Kikubaaqudgha
Makhleb
Nemelex Xobeh
Okawaru
Qazlal
Ru
Sif Muna
Trog
Uskayaw
Vehumet
Wu Jian
Xom
Yredelemnul
Zin
The Shining One

Annotations:
D:8 Erica, Grum


Innate Abilities, Weirdness & Mutations

You are too large for most types of armour.
You have claws for hands.
Your natural rate of healing is unusually fast.
You are covered in fur. (AC +1)
You have tough skin. (AC +1)


Message History

Unknown command.
You spin and attack the wolf.
You claw the wolf!
The wolf is severely wounded.
The wolf bites you but does no damage. x2
You hear a zap.
Some rock shatters into small pieces.
The wolf attacks as you move away! The wolf barely misses you.
The wolf completely misses you. The wolf bites you.
The wolf attacks as you move away! The wolf closely misses you.
The wolf completely misses you. The wolf closely misses you.
The wolf completely misses you.
You barely miss the wolf.
The wolf is severely wounded.
The wolf bites you! The wolf barely misses you.
You closely miss the wolf.
The wolf is severely wounded.
The wolf bites you.
* * * LOW HITPOINT WARNING * * *
You mangle the wolf!!
You kill the wolf!
The Council accepts your kill.
You lunge at Grum.
You scratch Grum.
Grum is lightly wounded.
You claw Grum!
Grum is heavily wounded.
Grum hits you with a +1 spear!
* * * LOW HITPOINT WARNING * * *
You closely miss Grum.
Grum is heavily wounded.
Grum snarls.
Grum closely misses you.
You claw Grum!
Grum is severely wounded.
Grum closely misses you.
You barely miss Grum.
Grum is severely wounded.
You barely miss Grum.
Grum is severely wounded.
Grum hits you with a +1 spear!!
You die...

#.##.............
##................
##..##.............
##...######.#....###
#....# #.#.......
#z.# #.#....### #.h#
#.#....# #g##
#.#....# #@#
#......# #.#
####.### #.....#
##.#### #.#.###
##.....## #.
#........ .
##.###.## ## #. #.#
.. #.# ### #.#


You could see Grum, a wolf and a wight.

Vanquished Creatures
  A hornet (D:8)
  A vampire (D:7)
  2 water moccasins (D:7)
  2 orc warriors
  2 ogres
  A wolf (D:8)
  3 sky beasts (D:7)
  A centaur (D:6)
  2 kobold brigands
  A gnoll sergeant (D:5)
  2 scorpions
  2 bullfrogs
  A wight (D:7)
  4 water moccasin zombies (Ossuary)
  6 killer bees (D:7)
  A howler monkey (D:6)
  3 hounds
  3 jellies
  3 orc priests
  Jessica (D:2)
  3 iguanas
  Terence (D:2)
  4 orc wizards
  2 mummies (Ossuary)
  9 gnolls
  8 adders
  A white imp (D:6)
  An ufetubus (D:5)
  6 adder zombies (Ossuary)
  2 dart slugs
  22 orcs
  12 endoplasms
  9 giant cockroaches
  10 goblins
  7 hobgoblins
  2 jackals (D:4)
  5 quokkas
  2 ball pythons
  6 bats
  4 frilled lizards
  5 gnoll zombies (Ossuary)
  6 hobgoblin zombies (Ossuary)
  12 kobolds
  2 kobold zombies (Ossuary)
  4 orc zombies (Ossuary)
  10 rats
  2 rat zombies (D:5)
199 creatures vanquished.

Notes
Turn   | Place    | Note
-------+----------+-------------------------------------------
     0 | D:1      | Aldia the Troll Chaos Knight began the quest for the Orb.
     0 | D:1      | Reached XP level 1. HP: 22/22 MP: 0/0
    21 | D:1      | XOM: silly message
   167 | D:1      | Reached XP level 2. HP: 29/29 MP: 1/1
   331 | D:1      | XOM: silly message
   338 | D:1      | Reached XP level 3. HP: 36/36 MP: 2/2
   450 | D:1      | XOM: silly message
  1065 | D:2      | XOM is BORED!
  1065 | D:2      | XOM: 1-stop teleportation journey
  1226 | D:2      | Noticed Terence
  1232 | D:2      | Killed Terence
  1233 | D:2      | Reached skill level 4 in Unarmed Combat
  1233 | D:2      | Reached XP level 4. HP: 40/44 MP: 3/3
  1324 | D:2      | Found a faded altar of an unknown god.
  1338 | D:2      | Reached skill level 1 in Throwing
  1589 | D:2      | Noticed Jessica
  1595 | D:2      | Killed Jessica
  1599 | D:2      | XOM: god gift: tapered lead wand {god gift}
  1803 | D:3      | XOM: divination: magic mapping
  1827 | D:3      | Found a shimmering altar of Xom.
  1981 | D:3      | XOM: enchant monster (good)
  1982 | D:3      | Reached XP level 5. HP: 50/53 MP: 4/4
  2117 | D:3      | XOM: silly message
  2246 | D:3      | XOM: noise
  2309 | D:3      | Found a shimmering blue altar of Sif Muna.
  2489 | D:3      | XOM: confuse monster(s)
  2587 | D:3      | XOM: noise
  2830 | D:4      | Noticed an ogre
  2837 | D:4      | Killed an ogre
  2838 | D:4      | Reached skill level 5 in Unarmed Combat
  2838 | D:4      | Reached XP level 6. HP: 61/61 MP: 5/5
  2854 | D:4      | XOM: blink monster(s)
  2885 | D:4      | Found an ornate altar of the Wu Jian Council.
  2889 | D:4      | Found a white marble altar of Elyvilon.
  2896 | D:4      | Fell from the grace of Xom
  2896 | D:4      | Became a worshipper of the Wu Jian Council
  3646 | D:5      | Entered Level 5 of the Dungeon
  3795 | D:5      | Found a hide-covered altar of Uskayaw.
  3893 | D:5      | Identified the +6 spear of Ravage {flame, rN+ Str+2 Dex+3}
  3913 | D:5      | Found a sand-covered staircase.
  3925 | Ossuary  | Entered an ossuary
  3950 | Ossuary  | Reached XP level 7. HP: 67/67 MP: 6/6
  3986 | Ossuary  | Reached * piety under Wu Jian
  4018 | Ossuary  | Reached skill level 6 in Unarmed Combat
  4227 | D:5      | Reached ** piety under Wu Jian
  4642 | D:5      | Reached XP level 8. HP: 42/78 MP: 7/7
  5060 | D:6      | Found an opulent altar of Gozag.
  5081 | D:6      | Found a staircase to the Ecumenical Temple.
  5091 | Temple   | Entered the Ecumenical Temple
  5191 | D:6      | Reached skill level 7 in Unarmed Combat
  5637 | D:6      | XOM: summons 4 hostile demons
  5785 | D:7      | Identified the +10 hand axe "Laukeo" {freeze, rElec rC+}
  5838 | D:7      | Found a hazy altar of Hepliaklqana.
  6011 | D:7      | Reached skill level 8 in Unarmed Combat
  6019 | D:7      | Reached skill level 5 in Fighting
  6025 | D:7      | Reached XP level 9. HP: 17/88 MP: 8/8
  6152 | D:7      | XOM: god gift: leather armour {god gift}
  6281 | D:7      | Reached skill level 5 in Dodging
  6416 | D:7      | Reached skill level 9 in Unarmed Combat
  6492 | D:7      | Reached *** piety under Wu Jian
  6770 | D:8      | Noticed Grum
  6770 | D:8      | Noticed Erica
  6801 | D:8      | Slain by Grum

Illustrated notes

Levels and vault maps discovered:
D:1:      grunt_arrival_lava_bath, layout_loops_corners
D:2:      wad_river_or_something, layout_basic,
          shapermc_ecumenical_altar_mp_ritualfount, grunt_decor_mini_mirrors,
          uniq_terence, uniq_jessica
D:3:      layout_loops_corners, nicolae_sif_muna_condensation,
          mainiacjoe_overflow_surrounded_room
D:4:      layout_basic, minitemple
D:5:      layout_loops_corners, nicolae_uskayaw_dance_hall, enter_ossuary_4
D:6:      layout_loops_ring, kennysheep_mini_moat, minmay_temple_entry_grid
D:7:      layout_rooms, nicolae_hepliaklqana_hazy_memory,
          minmay_misc_feat_columns, minmay_alternating_orb
D:8:      layout_loops_cross, uniq_grum, uniq_gastronok, uniq_erica,
          uniq_maurice
Temple:   nicolae_temple_x_marks_the_god

Skill      XL: |  1  2  3  4  5  6  7  8  9 |
---------------+----------------------------+-----
Dodging        | 2 3 4 5 |  5.6
Unarmed Combat | 4 5 6 8 9 |  9.6
Throwing       | 1 2 3 4 |  4.0
Fighting       | 3 4 5 |  5.8

Action                     |  1- 3 |  4- 6 |  7- 9 || total
---------------------------+-------+-------+-------++-------
  Melee: Unarmed           |   116 |   170 |   373 ||   659
         Punch             |     1 |     3 |    17 ||    21
  Throw: Dart              |       |     1 |       ||     1
Ability: Lunge             |       |     9 |    17 ||    26
         Whirlwind         |       |       |     6 ||     6
    Use: Scroll            |       |    13 |     9 ||    22
         Potion            |       |     1 |     3 ||     4
   Stab: Petrified         |       |     1 |       ||     1
 Armour: Robe              |    48 |    57 |   101 ||   206
  Dodge: Dodged            |    38 |    73 |   207 ||   318
